 Dungeon Crawl Stone Soup version 0.32-a0-411-g744942f433 (webtiles) character file.

Game seed: 18045294056442975817

31 shadowstone the Ruffian (level 3, 0/7 HPs)
             Began as an Octopode Shapeshifter on Feb 20, 2024.
             Slain by a goblin
             ... wielding a +1 dagger of protection
              (3 damage)
             ... on level 2 of the Dungeon.
             The game lasted 00:02:26 (1020 turns).

shadowstone the Ruffian (Octopode Shapeshifter)     Turns: 1020, Time: 00:02:26

Health: 0/7        AC:  1    Str: 15    XL:     3   Next: 22%
Magic:  3/3        EV: 13    Int: 12    God:
Gold:   35         SH:  0    Dex: 11    Spells: 2/2 levels left

rFire   . .          .
                       - Unarmed
rCold   . . .        (no shield)
rNeg    . . .        (helmet restricted)
rPois   .            (no amulet)
rElec   .            (no ring)
rCorr   .            (no ring)
SInv    .            (no ring)
Will    .....        (no ring)
Stlth   ++           (no ring)
HPRegen 0.21/turn    (no ring)
MPRegen 0.08/turn    (no ring)
                     (no ring)

%: no passive effects
@: maw-form
A: devouring maw, reduced hp, almost no armour, amphibious, 8 rings, camouflage
1, gelatinous body 1, (nimble swimmer 1), tentacles
a: Begin Untransformation


You were on level 2 of the Dungeon.
You were a creature with a mouth for a stomach.
You visited 1 branch of the dungeon, and saw 2 of its levels.

You collected 35 gold pieces.

Inventory:

Missiles
 d - 6 poisoned darts (quivered)
Talismans
 b - a beast talisman
 c - a flux talisman
 f - a maw talisman (active)
Scrolls
 e - 2 scrolls of amnesia {unknown}
Potions
 a - a potion of lignification


   Skills:
 + Level 1.4 Fighting
 + Level 2.4 Dodging
 + Level 3.5 Unarmed Combat
 + Level 3.2 Shapeshifting


You had 2 spell levels left.
You didn't know any spells.
Your spell library contained the following spells:

 Spells                   Type           Power      Damage    Failure   Level
 Ensorcelled Hibernation  Hex/Ice        0%         N/A       45%         2
 Passwall                 Erth           0%         N/A       69%         3
 Swiftness                Air            0%         N/A       69%         3


Dungeon Overview and Level Annotations

Branches:
Dungeon (2/15)

Altars:


Innate Abilities, Weirdness & Mutations

You are a creature with a mouth for a stomach.
Your midsection houses a second, enormous mouth.
Your maximum health is decreased, since you lack skill for your form.
You cannot wear most types of armour.
You are amphibious.
You can wear up to eight rings at the same time.
Your skin changes colour to match your surroundings (Stealth+).
Your rubbery body absorbs attacks. (AC +1, EV +1)
((You are camouflaged when in or above water. (Stealth+)))
You have tentacles for arms and can constrict up to eight enemies at once.


Message History

a +0 short sword; a stone
There is an open door here.
You see here a hobgoblin skeleton.
A rat comes into view.
A rat is nearby!
The rat barely misses you.
You bludgeon the rat!
You devour the rat!
You feel better.
You kill the rat!
Done exploring.
Done exploring.
You see here a hobgoblin skeleton.
There is an open door here.
Things that are here:
a +0 short sword; a stone
There is a stone staircase leading down here.
You climb downwards.
Found a pair of glowing gloves and 4 poisoned darts.
Found three stone staircases leading down.
There is a stone staircase leading up here.
The rat squeaks loudly.
You hear a shout!
A hobgoblin comes into view.
The hobgoblin shouts!
The bat closely misses you.
The goblin shouts!
You tentacle-slap the bat but do no damage.
Your grab misses the bat. Your bite misses the bat. The bat barely misses you.
Found a scroll labelled NAISHU WUTHIAC.
The bat closely misses you. The rat bites you.
A goblin comes into view. It is wielding a +0 club.
The rat bites you. The bat misses you.
You closely miss the rat. You grab the rat. You squeeze the rat.
You devour the rat!
You feel better.
You kill the rat!
The bat hits you. The bat completely misses you.
A dart slug comes into view.
The goblin hits you with a +1 dagger of protection.
The bat hits you. The bat hits you but does no damage.
The goblin hits you with a +1 dagger of protection.
You die...

#########.....
#.......#.....
#...>.....g...
####..........w..
.................
.........g.......
.....(...g.......
........bW...>...
..[..............
........<.......#
...............##
.###.>.........#
#............#
..............#
?..............#
#..............#


You could see a dart slug (wandering), a hobgoblin, 2 goblins and a bat.

Vanquished Creatures
  A ball python (D:1)
  A giant cockroach (D:1)
  2 hobgoblins (D:1)
  2 kobolds (D:1)
  A quokka (D:1)
  4 bats (D:1)
  A frilled lizard (D:1)
  A goblin (D:1)
  5 rats
18 creatures vanquished.

Notes
Turn   | Place    | Note
-------+----------+-------------------------------------------
     0 | D:1      | shadowstone the Octopode Shapeshifter began the quest for
                  | the Orb.
     0 | D:1      | Reached XP level 1. HP: 13/13 MP: 1/1
   132 | D:1      | Reached XP level 2. HP: 11/18 MP: 2/2
   686 | D:1      | Reached XP level 3. HP: 7/23 MP: 3/3
  1020 | D:2      | Slain by a goblin

Illustrated notes

Levels and vault maps discovered:
D:1:      onia_arrival_mini_maze, layout_basic, chequers_serial_rivers_large_b
D:2:      layout_rooms

Action                     || total
---------------------------++-------
  Melee: Unarmed           ||    29
         Constrict         ||     9
         Tentacles         ||     3
         Maw               ||     4
   Stab: Sleeping          ||     3
 Armour: Skin              ||    11
  Dodge: Dodged            ||    24
   Form: Flux              ||     1
         Maw               ||     1

Table legend: (Time is in decaauts)
 A = Elapsed time spent in this place.
 B = Non-inter-level travel time spent in this place.
 C = Inter-level travel time spent in this place.
 D = Time resting spent in this place.
 E = Time spent auto-exploring this place.
 F = Levels seen in this place.
 G = Mean time per level.
                   A        B        C        D        E       F      G
               +--------+--------+--------+--------+--------+-----+--------+
         Total |   1018 |    943 |     75 |     22 |    625 |   2 |  509.0 |
       Dungeon |   1018 |    943 |     75 |     22 |    625 |   2 |  509.0 |
               +--------+--------+--------+--------+--------+-----+--------+

Top non-repeatable levels by time:
     D:1: 1009 daAuts
     D:2: 8 daAuts
